 Dungeon Crawl Stone Soup version 0.28.0-1-gb440e238dd (webtiles) character file.

Game seed: 10435093483156540964

211 Conn the Firebug (level 5, -4/31 HPs)
             Began as an Octopode Fire Elementalist on Feb 20, 2022.
             Killed by divine providence
             ... invoked by an orc priest
              (9 damage)
             ... on level 3 of the Dungeon.
             The game lasted 00:04:26 (3153 turns).

Conn the Firebug (Octopode Fire Elementalist)       Turns: 3153, Time: 00:04:26

Health: -4/31      AC:  1    Str:  8    XL:     5   Next: 88%
Magic:  24/28      EV: 13    Int: 19    God:
Gold:   142        SH:  0    Dex: 12    Spells: 4/10 levels left

rFire   . . .      SeeInvis .   m - +2 dagger (holy)
rCold   . . .      Faith    .   (no shield)
rNeg    . . .      Spirit   .   (helmet restricted)
rPois   .          Reflect  .   (no amulet)
rElec   .          Harm     .   a - ring of magical power
rCorr   .          Rampage  .   h - ring of magical power
Will    .....                   (no ring)
Stlth   +++.......              (no ring)
HPRegen 0.10/turn               (no ring)
MPRegen 0.21/turn               (no ring)
                                (no ring)
                                (no ring)

@: flying, very slightly contaminated
A: almost no armour, amphibious, 8 rings, camouflage 1, gelatinous body 1,
(nimble swimmer 1), tentacles
a: no special abilities


You were on level 3 of the Dungeon.
You visited 1 branch of the dungeon, and saw 3 of its levels.

You collected 142 gold pieces.

Inventory:

Hand Weapons
 e - a +0 dagger
 m - a +2 dagger of holy wrath (weapon)
Missiles
 k - 6 poisoned darts
Jewellery
 a - a ring of magical power (left tentacle)
 h - a ring of magical power (right tentacle)
Wands
 q - a wand of flame (21)
Scrolls
 b - a scroll of vulnerability {unknown}
 c - 3 scrolls of teleportation {unknown}
 d - 2 scrolls of magic mapping {unknown}
 f - a scroll of fog {unknown}
 g - a scroll of enchant weapon {unknown}
 i - a scroll of enchant armour {unknown}
 n - 2 scrolls of identify {unknown}
 p - a scroll of silence {unknown}
Potions
 j - a potion of heal wounds {unknown}
 l - a potion of curing {unknown}
 o - a potion of might {unknown}
 r - 2 potions of flight
 s - 2 potions of cancellation {unknown}


   Skills:
 + Level 0.5 Short Blades
 + Level 2.4 Dodging
 + Level 3.7 Stealth
 + Level 3.4 Spellcasting
 + Level 2.5 Conjurations
 + Level 4.1 Fire Magic


You had 4 spell levels left.
You knew the following spells:

 Your Spells              Type           Power      Damage    Failure   Level
a - Foxfire               Conj/Fire      60%        2x1d7     3%          1
b - Conjure Flame         Conj/Fire      15%        6-21      11%         3
e - Scorch                Fire           36%        2d7       4%          2

Your spell library contained the following spells:

 Spells                   Type           Power      Damage    Failure   Level
 Inner Flame              Hex/Fire       11%        N/A       19%         3
 Stone Arrow              Conj/Erth      16%        3d8       26%         3
 Mephitic Cloud           Conj/Pois/Air  6%         N/A       30%         3
 Flame Wave               Conj/Fire      15%        2d6       36%         4
 Iskenderun's Mystic Bla  Conj/Tloc      8%         2d4       65%         4
 Irradiate                Conj/Tmut      4%         3d15      94%         5


Dungeon Overview and Level Annotations

Branches:
Dungeon (3/15)

Altars:


Innate Abilities, Weirdness & Mutations

You cannot wear most types of armour.
You are amphibious.
You can wear up to eight rings at the same time.
Your skin changes colour to match your surroundings (Stealth+).
Your rubbery body absorbs attacks. (AC +1, EV +1)
((You are camouflaged when in or above water. (Stealth+)))
You have tentacles for arms and can constrict up to eight enemies at once.


Message History

Casting: Foxfire (safe; 3% risk of failure)
Confirm with . or Enter, or press ? or * to list all spells.
You conjure some foxfire!
The foxfire hits the orc.
The orc is lightly wounded.
The orc closely misses you.
Unknown command.
You hit the orc.
You kill the orc!
The foxfire hits the orc.
The orc is heavily wounded.
Unknown command.
Casting: Foxfire (safe; 3% risk of failure)
Confirm with . or Enter, or press ? or * to list all spells.
You miscast Foxfire.
You are very lightly contaminated with residual magic.
Nothing appears to happen.
The orc hits you but does no damage.
Unknown command.
Casting: Foxfire (safe; 3% risk of failure)
Confirm with . or Enter, or press ? or * to list all spells.
You conjure some foxfire!
The orc hits you with a +0 club.
The orc priest hits you with a +0 flail.
Unknown command.
You hit the orc priest. Your grab misses the orc priest.
The orc priest is lightly wounded.
The foxfire hits the orc.
You kill the orc!
The foxfire hits the orc priest.
The orc priest is moderately wounded.
The orc priest invokes the aid of Beogh against you.
Beogh smites you!
* * * LOW HITPOINT WARNING * * *
Okay, then.
Okay, then.
Unknown command.
It was a potion of flight.
You feel very buoyant.
You fly up into the air.
The orc priest mumbles some strange prayers to Beogh against you.
Beogh smites you!
You die...

#.# ##.## #... .(####
#..# ...... # ###..#
.........#.#.#.#..ยง.#
.........#.#.#.#o##.#
.........#.#.#..@)))#
.........#.#.###.####.#
...........#.##.......#
.#.........#.##..######
.#.......#.#.##..#
.#...............#
.....#...#.#.###.#
.....#...#.#.#
#.######.#
.....#...#.#.#
#.#......#


You could see an orc priest.

Vanquished Creatures
  A hound (D:3)
  Terence (D:3)
  An orc wizard (D:3)
  2 adders
  A shadow imp (D:3)
  2 worms (D:2)
  A dart slug (D:1)
  9 orcs (D:3)
  7 bats
  5 endoplasms
  A giant cockroach (D:3)
  6 goblins
  6 hobgoblins
  18 jackals
  9 kobolds
  2 quokkas
  4 ball pythons
  2 frilled lizards
  6 rats
84 creatures vanquished.

Vanquished Creatures (others)
  254 foxfires
254 creatures vanquished.

Grand Total: 338 creatures vanquished

Notes
Turn   | Place    | Note
-------+----------+-------------------------------------------
     0 | D:1      | Conn the Octopode Fire Elementalist began the quest for the
                  | Orb.
     0 | D:1      | Reached XP level 1. HP: 11/11 MP: 3/3
   339 | D:1      | Reached XP level 2. HP: 17/17 MP: 5/5
  1098 | D:1      | Reached XP level 3. HP: 16/21 MP: 6/6
  1400 | D:1      | Found a faded altar of an unknown god.
  1686 | D:2      | Got Uryunwo's Volume of Venomous Damage Dealing
  1691 | D:2      | Learned a level 3 spell: Conjure Flame
  1694 | D:2      | Learned a level 2 spell: Scorch
  1723 | D:2      | Reached XP level 4. HP: 27/27 MP: 7/7
  2122 | D:3      | Noticed Terence
  2133 | D:3      | Killed Terence
  2197 | D:3      | Reached XP level 5. HP: 30/31 MP: 9/9
  2368 | D:3      | Reached skill level 4 in Fire Magic
  3153 | D:3      | Killed from afar by an orc priest

Illustrated notes

Levels and vault maps discovered:
D:1:      nicolae_arrival_washed_ashore, layout_loops_ring, serial_aquarium,
          aquarium_bridge_long_separate [aquarium_subvault_bridge,
          aquarium_subvault_bridge, aquarium_subvault_wall,
          aquarium_subvault_bridge, aquarium_subvault_wall,
          aquarium_subvault_bridge], aquarium_bridge_straight
          [aquarium_subvault_bridge, aquarium_subvault_wall,
          aquarium_subvault_bridge, aquarium_subvault_wall], aquarium_window_1,
          aquarium_window_1, aquarium_window_1, aquarium_view_2b,
          aquarium_balcony_5b, hellmonk_ecumenical_altar_run_dry,
          corexii_corridor_pit
D:2:      cheibrodos_helix_gallery, layout_basic
D:3:      layout_basic, minmay_fractal_squares_diagonal_5, uniq_terence

Skill      XL: |  1  2  3  4  5 |
---------------+----------------+-----
Stealth        | 3 |  3.7
Conjurations   | 2 |  2.5
Spellcasting   | 3 |  3.4
Fire Magic     | 4 |  4.1
Short Blades   | |  0.5
Dodging        | |  2.4

Action                   |  1- 3 |  4- 6 || total
-------------------------+-------+-------++-------
Melee: Unarmed           |     3 |       ||     3
       Constrict         |     7 |     4 ||    11
       Tentacles         |     2 |     4 ||     6
       Dagger            |    18 |    25 ||    43
       Punch             |     2 |       ||     2
 Cast: Foxfire           |    57 |    89 ||   146
  Use: Potion            |       |     1 ||     1
 Stab: Sleeping          |     2 |     6 ||     8
Armor: Skin              |     4 |     3 ||     7
Dodge: Dodged            |    20 |    26 ||    46
